 Dungeon Crawl Stone Soup version 0.28.0-53-g5a82cb258f (webtiles) character file.

Game seed: 4589952000220406063

39 hawla the Stinger (level 3, -1/20 HPs)
             Began as a Deep Elf Venom Mage on June 8, 2022.
             Slain by a hobgoblin (4 damage)
             ... on level 2 of the Dungeon.
             The game lasted 00:04:56 (1856 turns).

hawla the Stinger (Deep Elf Venom Mage)             Turns: 1856, Time: 00:04:57

Health: -1/20      AC:  2    Str:  7    XL:     3   Next: 26%
Magic:  3/10       EV: 12    Int: 19    God:
Gold:   36         SH:  0    Dex: 15    Spells: 6/9 levels left

rFire   . . .      SeeInvis .   (no weapon)
rCold   . . .      Faith    .   (no shield)
rNeg    . . .      Spirit   .   a - +0 robe
rPois   .          Reflect  .   (no helmet)
rElec   .          Harm     .   (no cloak)
rCorr   .          Rampage  .   (no gloves)
Will    .....                   (no boots)
Stlth   ++........              (no amulet)
HPRegen 0.06/turn               (no ring)
MPRegen 0.12/turn               (no ring)

@: no status effects
A: no striking features
a: no special abilities


You were on level 2 of the Dungeon.
You visited 1 branch of the dungeon, and saw 2 of its levels.

You collected 36 gold pieces.

Inventory:

Armour
 a - a +0 robe (worn)
Jewellery
 d - a ring of flight
Scrolls
 c - 2 scrolls of magic mapping {unknown}
 e - a scroll of fear {unknown}
Potions
 b - 2 potions of heal wounds {unknown}
 f - a potion of curing {unknown}


   Skills:
 * Level 0.7 Fighting
 + Level 2.5 Dodging
 + Level 2.6 Stealth
 + Level 3.5 Spellcasting
 + Level 1.3 Transmutations
 + Level 0.3 Air Magic
 + Level 3.9 Poison Magic


You had 6 spell levels left.
You knew the following spells:

 Your Spells              Type           Power      Damage    Failure   Level
a - Sting                 Tmut/Pois      52%        1d5       4%          1
b - Poisonous Vapours     Pois/Air       22%        N/A       9%          2

Your spell library contained the following spells:

 Spells                   Type           Power      Damage    Failure   Level
 Mephitic Cloud           Conj/Pois/Air  8%         N/A       24%         3
 Olgreb's Toxic Radiance  Pois           18%        N/A       28%         4


Dungeon Overview and Level Annotations

Branches:
Dungeon (2/15)

Altars:


Message History

Aim: a worm (lightly wounded, very poisoned) Poisonous vapours surround the worm!
The worm looks as sick as possible!
Casting: Poisonous Vapours (safe; 9% risk of failure)
Confirm with . or Enter, or press ? or * to list all spells.
You don't have enough magic to cast this spell.
Unknown command.
A hobgoblin comes into view.
You hit the worm.
The worm is moderately wounded.
The worm closely misses you.
You hit the worm but do no damage.
The worm is moderately wounded.
The hobgoblin shouts!
Your magical contamination has completely faded away.
You hit the worm but do no damage.
The worm is heavily wounded.
The worm closely misses you.
Casting: Poisonous Vapours (safe; 9% risk of failure)
Confirm with . or Enter, or press ? or * to list all spells.
Aiming: Sting (safe; 4% risk of failure)
Press: ? - help, Shift-Dir - straight line, f/p - worm
Aim: a worm (heavily wounded, very poisoned, 90% to hit)
The sting hits the worm.
The worm looks as sick as possible!
The worm is severely wounded.
The worm misses you. The worm bites you!
Ouch! That really hurt!
You barely miss the worm.
The worm is severely wounded.
You hit the worm but do no damage.
The worm is severely wounded.
The worm bites you!
* * * LOW HITPOINT WARNING * * *
You kill the worm!
Really walk into that dispersal trap?
You enter a dispersal trap!
The hobgoblin blinks!
You blink.
The hobgoblin barely misses you.
A kobold comes into view. It is wielding a +0 quarterstaff.
The hobgoblin hits you.
You die...

.......g...#
.#.#######.# #.# #
#.# + #g# # #.# ####
...####.############
#..#
.............g..^..#
#..#
...#########@#####.#
##'## #.# #.# ##....
#.# #.# #.....
#.#####.#####.....
#..........)..#'##
######.########..#
#........#..#
#######..####
#.##..#


You could see a hobgoblin.

Vanquished Creatures
  An adder (D:2)
  A worm (D:2)
  2 dart slugs
  A bat (D:2)
  4 goblins (D:1)
  A hobgoblin (D:1)
  A kobold (D:1)
  8 ball pythons (D:2)
  A frilled lizard (D:2)
  3 rats
23 creatures vanquished.

Notes
Turn   | Place    | Note
-------+----------+-------------------------------------------
     0 | D:1      | hawla the Deep Elf Venom Mage began the quest for the Orb.
     0 | D:1      | Reached XP level 1. HP: 10/10 MP: 6/6
    37 | D:1      | Found a faded altar of an unknown god.
   398 | D:1      | Reached XP level 2. HP: 15/15 MP: 2/8
   459 | D:1      | Learned a level 2 spell: Poisonous Vapours
  1257 | D:2      | Reached XP level 3. HP: 14/19 MP: 1/9
  1856 | D:2      | Slain by a hobgoblin

Illustrated notes

Levels and vault maps discovered:
D:1:      dpeg_arrival_shrine, layout_basic, shapermc_ecumenical_altar_ellora,
          kennysheep_decorative_pillar
D:2:      layout_loops_ring, corexii_leaking_fountain, minmay_snake_closets,
          uniq_crazy_yiuf_cottage, uniq_terence

Action                   || total
-------------------------++-------
Melee: Unarmed           ||    11
 Cast: Sting             ||    29
       Poisonous Vapours ||    28
  Use: Scroll            ||     1
Armor: Robe              ||     2
Dodge: Dodged            ||    33
